 Dungeon Crawl Stone Soup version 0.24.0-123-gd5b16e6ec5 (webtiles) character file.

Game seed: 17557699649740270670, levelgen mode: deterministic

581 PabloPapaya the Archer (level 7, -1/56 HPs)
             Began as a Centaur Arcane Marksman on Jan 22, 2020.
             Slain by a bullfrog (4 damage)
             ... on level 6 of the Dungeon on Jan 28, 2020.
             The game lasted 01:30:52 (5062 turns).

PabloPapaya the Archer (Centaur Arcane Marksman)    Turns: 5062, Time: 01:30:53

Health: -1/56      AC:  6    Str: 10    XL:     7   Next: 14%
Magic:  9/9        EV: 10    Int: 16    God:
Gold:   131        SH:  0    Dex: 12    Spells: 5/8 levels left

rFire    + . .     SeeInvis .   a - +0 shortbow
rCold    . . .     Gourm    .   (shield currently unavailable)
rNeg     . . .     Faith    .   m - +0 robe
rPois    .         Spirit   .   q - +0 helmet
rElec    .         Reflect  .   (no cloak)
rCorr    .         Harm     .   s - +0 pair of gloves
MR       .....                  (no barding)
Stlth    +.........             (no amulet)
HPRegen  0.18/turn              A - ring of protection from fire
MPRegen  0.11/turn              (no ring)

@: very quick
A: large, hooves 3, clever 2, deformed body, speed 2, tough skin 3, weak 1
a: no special abilities


You were on level 6 of the Dungeon.
You were not hungry.

You visited 1 branch of the dungeon, and saw 6 of its levels.

You collected 131 gold pieces.

Inventory:

Hand Weapons
 a - a +0 shortbow (weapon)
 r - a +1 dagger of venom
 u - a +0 scythe of venom
 y - a +1 short sword of freezing
 C - a +0 falchion
Missiles
 d - 31 arrows (quivered)
 p - 59 bolts
 x - 6 poisoned darts
Armour
 m - a +0 robe (worn)
 q - a +0 helmet (worn)
 s - a +0 pair of gloves (worn)
Jewellery
 A - a ring of protection from fire (left hand)
Scrolls
 c - a scroll of amnesia
 g - a scroll of fog
 h - a scroll of fear
 i - 2 scrolls of blinking
Potions
 e - a potion of haste
 j - 2 potions of might
 k - 2 potions of agility
 l - 2 potions of heal wounds
 n - a potion of lignification {unknown}
 o - 2 potions of curing
 t - a potion of flight {unknown}
 v - a potion of mutation
Comestibles
 f - 10 rations


   Skills:
 + Level 2.9 Fighting
 + Level 8.4 Bows
 + Level 1.9 Dodging
 + Level 0.1 Stealth
 + Level 1.4 Spellcasting
 + Level 3.5 Hexes


You had 5 spell levels left.
You knew the following spells:

 Your Spells              Type           Power        Failure   Level  Hunger
a - Corona                Hex            ##.....      4%          1    ##.....
b - Slow                  Hex            ##......     8%          2    ###....

Your spell library contained the following spells:

 Spells                   Type           Power        Failure   Level  Hunger
 Inner Flame              Hex/Fire       #.......     32%         3    ####...
 Portal Projectile        Hex/Tloc       #.....       32%         3    ####...
 Cause Fear               Hex            ##........   45%         4    #####..
 Leda's Liquefaction      Hex/Erth       #.........   71%         4    #####..


Dungeon Overview and Level Annotations

Branches:
Dungeon (6/15)
 Temple: D:4-7

Altars:


Innate Abilities, Weirdness & Mutations

You have hooves in place of feet.
Armour fits poorly on your strangely shaped body.
You cover ground very quickly.
You have extremely tough skin. (AC +3)
Your mind is very acute. (Int +4)
You are weak. (Str -2)


Message History

The jackal closely misses you.
The bullfrog hits you but does no damage.
You barely miss the jackal. You kick the jackal.
The jackal is almost dead.
The jackal barely misses you. The bullfrog hits you!
* * * LOW HITPOINT WARNING * * *
Something hits you but does no damage.
The jackal bites you but does no damage.
The jackal misses you. The bullfrog hits you.
* * * LOW HITPOINT WARNING * * *
The jackal barely misses you. The jackal completely misses you.
A phantom comes into view.
Something hits you but does no damage. The jackal bites you.
* * * LOW HITPOINT WARNING * * *
The jackal barely misses you. The jackal closely misses you.
A black bear comes into view.
You barely miss the bullfrog. Your kick misses the bullfrog.
The bullfrog hits you.
You die...

....h..$. ##$...W..##
#........?# #......l..#
## #.........# .######
#........?#####
<.....####...<.hh.....$.
..###.........hF@....##
#.# ########....h...<...
#.# #####.####### ...
#.# .#.# ..# . .. ### #
...


You could see a phantom, a black bear, a bullfrog, an iguana and 4 jackals.

Vanquished Creatures
  Sigmund (D:4)
  A scorpion (D:4)
  A crimson imp (D:4)
  A jelly (D:4)
  A hound (D:2)
  An iguana (D:4)
  Terence (D:2)
  4 worker ants (D:4)
  4 adders
  An adder skeleton (D:4)
  3 dart slugs
  2 leopard geckos
  4 orcs
  6 bats
  3 giant cockroaches
  7 hobgoblins
  8 jackals
  11 kobolds
  2 quokkas (D:4)
  3 frilled lizards
  14 goblins
  A leopard gecko zombie (D:4)
  A quokka skeleton (D:4)
  7 rats
88 creatures vanquished.

Notes
Turn   | Place    | Note
-------+----------+-------------------------------------------
     0 | D:1      | PabloPapaya the Centaur Arcane Marksman began the quest for
                  | the Orb.
     0 | D:1      | Reached XP level 1. HP: 16/16 MP: 2/2
   375 | D:1      | Reached XP level 2. HP: 23/23 MP: 1/3
   535 | D:1      | Reached skill level 3 in Bows
   549 | D:1      | Learned a level 2 spell: Slow
  1223 | D:2      | Reached XP level 3. HP: 27/28 MP: 4/4
  1447 | D:2      | Reached skill level 4 in Bows
  1682 | D:2      | Reached XP level 4. HP: 29/35 MP: 2/5
  1987 | D:2      | Noticed Terence
  2002 | D:2      | Killed Terence
  2002 | D:2      | Reached skill level 5 in Bows
  2453 | D:3      | Reached XP level 5. HP: 41/41 MP: 2/6
  3377 | D:4      | Reached skill level 6 in Bows
  3830 | D:4      | Noticed Sigmund
  3837 | D:4      | Reached XP level 6. HP: 44/49 MP: 5/7
  3847 | D:4      | Killed Sigmund
  3847 | D:4      | Reached skill level 7 in Bows
  4405 | D:4      | Reached XP level 7. HP: 52/56 MP: 9/9
  4622 | D:4      | Reached skill level 8 in Bows
  4690 | D:5      | Entered Level 5 of the Dungeon
  5001 | D:4      | Gained mutation: You are weak. (Str -2) [potion of
                  | mutation]
  5001 | D:4      | Gained mutation: Your mind is acute. (Int +2) [potion of
                  | mutation]
  5001 | D:4      | Gained mutation: Your mind is very acute. (Int +4) [potion
                  | of mutation]
  5062 | D:6      | Slain by a bullfrog

Levels and vault maps discovered:
D:1:      dpeg_arrival_short_road, layout_loops_ring, chequers_jeans
D:2:      layout_basic, hex_tiny, uniq_terence
D:3:      layout_loops_ring, first_ration
D:4:      layout_loops_ring, gup_sewer_entry_glass, grunt_ministairs_10,
          uniq_sigmund
D:5:      corexii_shack_village, layout_basic, serial_shops, kennysheep_mini,
          uniq_eustachio
D:6:      layout_rooms, kennysheep_small_square, uniq_menkaure

Skill      XL: |  1  2  3  4  5  6  7 |
---------------+----------------------+-----
Hexes          | 3 |  3.5
Bows           | 3 4 5 6 7 8 |  8.4
Fighting       | 2 |  2.9
Dodging        | |  1.9
Stealth        | |  0.1
Spellcasting   | |  1.4

Action                   |  1- 3 |  4- 6 |  7- 9 || total
-------------------------+-------+-------+-------++-------
Melee: Shortbow          |       |       |     9 ||     9
       Kick              |       |       |     3 ||     3
 Fire: Shortbow          |   111 |   237 |    39 ||   387
 Cast: Corona            |    10 |    16 |       ||    26
       Slow              |     6 |     6 |       ||    12
  Use: Scroll            |     7 |     7 |     3 ||    17
       Potion            |     3 |     2 |     2 ||     7
  Eat: Chunk             |     2 |     6 |       ||     8
       Ration            |       |     1 |       ||     1
Armor: Robe              |     8 |    49 |    22 ||    79
Dodge: Dodged            |    26 |    80 |    32 ||   138
